[Event "42nd Olympiad Baku 2016 Open"]
[Site "Baku"]
[Date "2016.09.03"]
[Round "2.18"]
[White "Kryvoruchko, Yuriy"]
[Black "Mehmeti, Dritan"]
[Result "1/2-1/2"]
[ECO "C18"]
[WhiteElo "2693"]
[BlackElo "2415"]
[Annotator ""]
[PlyCount "91"]
[EventDate "2016.??.??"]
[EventCountry "AZE"]
[SourceTitle "playchess.com"]
[Source "ChessBase"]
[WhiteTeam "Ukraine"]
[BlackTeam "Albania"]
[WhiteTeamCountry "UKR"]
[BlackTeamCountry "ALB"]
[TimeControl "40/5400+30:1800+30"]

1. e4 {(00:00)} e6 {(00:36)} 2. d4 {(00:00)} d5 {(
00:10)} 3. Nc3 {(00:00)} Bb4 {(00:34)} 4. e5 {(00:04)} c5
{(00:13)} 5. a3 {(00:07)} Bxc3+ {(00:35)} 6. bxc3 {
(00:05)} Qa5 {(00:13)} 7. Bd2 {(00:15)} Qa4 {(00:
17)} 8. Qg4 {(01:04)} Kf8 {(00:43)} 9. Nf3 {(03:37)} Ne7 {
(01:33)} 10. Bd3 {(03:02)} c4 {(07:25)} 11. Be2 {(
00:06)} Qxc2 {(01:48)} 12. O-O {(00:27)} Nbc6 {(01:39)}
13. Bd1 {(11:35)} Qg6 {(06:41)} 14. Qh4 {(07:03)} Bd7 {
(16:03)} 15. Rc1 {(05:14)} Nf5 {(15:47)} 16. Qf4 {(
06:09)} h5 {(05:22)} 17. h3 {(03:04)} Na5 {(12:56)} 18.
Bc2 {(09:54)} Nb3 {(00:26)} 19. Rb1 {(01:57)} b6 {(
09:05)} 20. Rfe1 {(06:54)} Nxd2 {(04:56)} 21. Qxd2 {(00:
37)} Qh6 {(01:37)} 22. Ng5 {(02:32)} Kg8 {(07:32)} 23. Qf4
{(06:16)} h4 {(00:52)} 24. a4 {(02:58)} Rf8 {(00:
40)} 25. a5 {(02:21)} b5 {(00:23)} 26. a6 {(00:08)} Qg6 {
(01:40)} 27. Qc1 {(06:44)} Rh5 {(00:53)} 28. f4 {(
00:33)} f6 {(02:09)} 29. exf6 {(00:39)} Qxf6 {(00:19)} 30.
Bd1 {(05:53)} Rh6 {(00:35)} 31. Bg4 {(00:05)} Ng3 {
(01:08)} 32. Kh2 {(07:14)} Qxf4 {(00:35)} 33. Qxf4 {
(00:06)} Rxf4 {(00:02)} 34. Nxe6 {(05:24)} Rxg4 {(
00:29)} 35. hxg4 {(00:05)} Bxe6 {(00:04)} 36. g5 {(00:04)}
Rg6 {(00:17)} 37. Rxb5 {(00:06)} Bf5 {(01:12)} 38. Ra1 {
(01:12)} Be4 {(00:24)} 39. Rb7 {(05:08)} Rxg5 {(00:
07)} 40. Rxa7 {(00:00)} Ne2 {(00:00)} 41. Ra8+ {(05:38)}
Kh7 {(02:58)} 42. Rf8 {(02:43)} Rxg2+ {(02:32)} 43. Kh3 {
(00:03)} Rg3+ {(24:30)} 44. Kh2 {(00:33)} Rg2+ {(
00:47)} 45. Kh3 {(00:04)} Rg3+ {(00:14)} 46. Kh2 {(00:03)}
1/2-1/2

[Event "42nd Olympiad Baku 2016 Open"]
[Site "Baku"]
[Date "2016.09.03"]
[Round "2.2"]
[White "Ladva, Ottomar"]
[Black "AL-Sayed, Mohammed"]
[Result "1-0"]
[ECO "E73"]
[WhiteElo "2501"]
[BlackElo "2521"]
[Annotator ""]
[PlyCount "83"]
[EventDate "2016.??.??"]
[EventCountry "AZE"]
[SourceTitle "playchess.com"]
[Source "ChessBase"]
[WhiteTeam "Estonia"]
[BlackTeam "Qatar"]
[WhiteTeamCountry "EST"]
[BlackTeamCountry "QAT"]
[TimeControl "40/5400+30:1800+30"]

1. c4 {(00:00)} Nf6 {(00:00)} 2. d4 {(00:09)} g6 {(
00:00)} 3. Nc3 {(00:05)} d6 {(00:00)} 4. e4 {(00:21)} Bg7
{(00:02)} 5. Be2 {(00:28)} O-O {(00:35)} 6. Be3 {(
00:24)} e5 {(10:06)} 7. d5 {(00:05)} a5 {(06:11)} 8. g4 {
(00:39)} Nfd7 {(10:17)} 9. h4 {(10:47)} Nc5 {(00:
39)} 10. g5 {(05:57)} Nba6 {(14:22)} 11. h5 {(05:17)} Bd7
{(02:41)} 12. Nf3 {(03:03)} c6 {(06:42)} 13. Rh4 {(
10:52)} a4 {(08:35)} 14. Qd2 {(10:34)} a3 {(03:38)} 15. b3
{(06:08)} Qa5 {(01:05)} 16. Kf1 {(03:44)} Nb4 {(03:
52)} 17. Kg2 {(03:27)} Rfc8 {(12:30)} 18. hxg6 {(02:50)}
hxg6 {(01:46)} 19. Rah1 {(02:32)} cxd5 {(00:49)} 20. exd5
{(00:34)} Bf5 {(03:01)} 21. Nb5 {(10:13)} Ne4 {(10:
07)} 22. Rxe4 {(00:46)} Bxe4 {(00:02)} 23. Nxd6 {(00:48)}
Bxd5 {(02:00)} 24. Nxc8 {(01:57)} Bxf3+ {(02:21)} 25. Bxf3
{(00:05)} Rxc8 {(00:02)} 26. Bxb7 {(01:39)} Rd8 {(
00:01)} 27. Qe2 {(03:13)} e4 {(01:34)} 28. Bxe4 {(00:45)}
Qe5 {(00:20)} 29. Bb1 {(03:02)} Qe7 {(00:40)} 30. Qf3 {
(02:21)} Qe6 {(00:25)} 31. Bc5 {(00:53)} Nc6 {(00:
35)} 32. Qh3 {(03:07)} Qxh3+ {(00:04)} 33. Rxh3 {(00:09)}
Rd2 {(00:53)} 34. Rd3 {(04:10)} Rb2 {(00:26)} 35. Rd6 {
(00:14)} Rxb1 {(00:38)} 36. Rxc6 {(00:07)} Bb2 {(
00:22)} 37. b4 {(02:09)} Ra1 {(00:03)} 38. b5 {(00:20)}
Rxa2 {(00:01)} 39. Ra6 {(00:49)} Ra1 {(01:12)} 40. b6 {
(00:00)} a2 {(00:00)} 41. b7 {(01:29)} Be5 {(04:33]
} 42. Bd4 {(00:25)} 1-0

[Event "42nd Olympiad Baku 2016 Open"]
[Site "Baku"]
[Date "2016.09.03"]
[Round "2.29"]
[White "Le, Quang Liem"]
[Black "Arenas, David"]
[Result "1/2-1/2"]
[ECO "E81"]
[WhiteElo "2723"]
[BlackElo "2490"]
[Annotator ""]
[PlyCount "100"]
[EventDate "2016.??.??"]
[EventCountry "AZE"]
[SourceTitle "playchess.com"]
[Source "ChessBase"]
[WhiteTeam "Vietnam"]
[BlackTeam "Colombia"]
[WhiteTeamCountry "VIE"]
[BlackTeamCountry "COL"]
[TimeControl "40/5400+30:1800+30"]

1. d4 {(00:00)} Nf6 {(00:00)} 2. c4 {(00:00)} g6 {(
00:10)} 3. Nc3 {(00:00)} Bg7 {(00:15)} 4. e4 {(00:15)} d6
{(00:17)} 5. f3 {(00:10)} O-O {(00:31)} 6. Nge2 {(
00:10)} c5 {(00:10)} 7. d5 {(00:24)} e6 {(03:27)} 8. Ng3 {
(00:11)} a6 {(06:47)} 9. a4 {(00:15)} exd5 {(00:54]
} 10. cxd5 {(00:10)} Nbd7 {(01:45)} 11. Be2 {(00:19)} Re8
{(04:54)} 12. O-O {(00:46)} Ne5 {(00:13)} 13. h3 {(
13:48)} h5 {(10:45)} 14. Bg5 {(10:46)} Qb6 {(11:16)} 15.
Qd2 {(00:31)} Nh7 {(00:55)} 16. a5 {(01:10)} Qb4 {(
11:33)} 17. Be3 {(05:23)} Bd7 {(04:39)} 18. Rfc1 {(08:07)}
Nf8 {(07:54)} 19. Kh1 {(14:23)} Rac8 {(07:22)} 20. Rc2 {
(11:35)} c4 {(09:14)} 21. Bd4 {(00:43)} Bb5 {(02:
24)} 22. Ra3 {(06:19)} Nd3 {(05:45)} 23. Bxg7 {(02:12)}
Kxg7 {(00:03)} 24. Nxb5 {(01:02)} Qxb5 {(00:13)} 25. Bxd3
{(00:53)} cxd3 {(00:10)} 26. Rxc8 {(05:01)} Rxc8 {(
00:15)} 27. Rxd3 {(00:06)} Nd7 {(03:32)} 28. Rc3 {(05:32)}
Rxc3 {(00:08)} 29. Qxc3+ {(00:07)} Kh7 {(00:29)} 30. Kg1 {
(04:59)} Ne5 {(00:48)} 31. f4 {(02:03)} Nd3 {(03:
12)} 32. Ne2 {(01:27)} Nc5 {(01:23)} 33. Nd4 {(00:15)} Qa4
{(01:21)} 34. e5 {(03:32)} Qd1+ {(00:20)} 35. Kh2 {
(00:07)} Ne4 {(00:11)} 36. Qc7 {(02:02)} Qxd4 {(00:
31)} 37. Qxf7+ {(00:08)} Kh8 {(01:03)} 38. exd6 {(02:48)}
Nd2 {(01:39)} 39. Qf8+ {(00:47)} Kh7 {(00:01)} 40. Qe7+ {
(00:00)} Kg8 {(00:00)} 41. Qg5 {(07:20)} Qf2 {(01:
35)} 42. Qxg6+ {(00:19)} Kf8 {(00:02)} 43. Qh6+ {(03:21)}
Kg8 {(00:10)} 44. Qg5+ {(02:20)} Kf8 {(00:12)} 45. Qf5+ {
(03:51)} Kg8 {(00:35)} 46. Qc8+ {(01:51)} Kf7 {(00:
29)} 47. Qe6+ {(01:41)} Kf8 {(00:20)} 48. Qe7+ {(00:32)}
Kg8 {(00:02)} 49. Qe8+ {(00:16)} Kg7 {(00:02)} 50. Qe5+ {
(00:10)} Kg8 {(00:05)} 1/2-1/2

[Event "42nd Olympiad Baku 2016 Open"]
[Site "Baku"]
[Date "2016.09.03"]
[Round "2.11"]
[White "Li, Chao b"]
[Black "Soors, Stef"]
[Result "1-0"]
[ECO "A40"]
[WhiteElo "2746"]
[BlackElo "2398"]
[Annotator ""]
[PlyCount "51"]
[EventDate "2016.??.??"]
[EventCountry "AZE"]
[SourceTitle "playchess.com"]
[Source "ChessBase"]
[WhiteTeam "China"]
[BlackTeam "Belgium"]
[WhiteTeamCountry "CHN"]
[BlackTeamCountry "BEL"]
[TimeControl "40/5400+30:1800+30"]

1. d4 {(00:00)} Nf6 {(00:00)} 2. c4 {(00:00)} e6 {(
00:00)} 3. g3 {(00:00)} Bb4+ {(00:13)} 4. Bd2 {(00:05)} a5
{(02:34)} 5. Bg2 {(00:22)} d6 {(00:25)} 6. Nf3 {(
00:44)} Nbd7 {(00:42)} 7. O-O {(00:12)} e5 {(00:22)} 8.
dxe5 {(00:14)} Nxe5 {(00:31)} 9. Nxe5 {(00:25)} dxe5 {
(00:11)} 10. Qa4+ {(00:08)} Qd7 {(02:54)} 11. Qxd7+ {
(01:43)} Nxd7 {(00:08)} 12. Nc3 {(00:07)} c6 {(03:
01)} 13. a3 {(02:23)} Be7 {(00:33)} 14. Na4 {(01:34)} Ra6
{(11:00)} 15. b4 {(05:44)} b5 {(43:48)} 16. cxb5 {(
09:43)} cxb5 {(00:06)} 17. Nc3 {(00:07)} axb4 {(03:40)}
18. Nxb5 {(00:42)} O-O {(04:49)} 19. axb4 {(02:00)} Rb6 {
(01:14)} 20. Na7 {(00:33)} Bb7 {(09:00)} 21. Bxb7 {
(02:44)} Rxb7 {(00:02)} 22. Nc6 {(00:09)} Bd6 {(00:
40)} 23. Rfd1 {(00:17)} Nf6 {(06:17)} 24. Be3 {(02:18)}
Bc7 {(04:29)} 25. Ra7 {(00:35)} Rxa7 {(00:11)} 26. Bxa7 {
(00:01)} 1-0

[Event "42nd Olympiad Baku 2016 Open"]
[Site "Baku"]
[Date "2016.09.03"]
[Round "2.8"]
[White "Lukey, Stephen G"]
[Black "Kostenko, Petr"]
[Result "0-1"]
[ECO "E11"]
[WhiteElo "2217"]
[BlackElo "2476"]
[Annotator ""]
[PlyCount "74"]
[EventDate "2016.??.??"]
[EventCountry "AZE"]
[SourceTitle "playchess.com"]
[Source "ChessBase"]
[WhiteTeam "New Zealand"]
[BlackTeam "Kazakhstan"]
[WhiteTeamCountry "NZL"]
[BlackTeamCountry "KAZ"]
[TimeControl "40/5400+30:1800+30"]

1. d4 {(00:00)} e6 {(00:00)} 2. c4 {(00:00)} Nf6 {(
00:12)} 3. Nf3 {(00:00)} Bb4+ {(00:19)} 4. Bd2 {(00:20)}
a5 {(00:13)} 5. g3 {(01:00)} d5 {(00:10)} 6. Qc2 {(
11:40)} O-O {(00:15)} 7. Bg2 {(00:29)} c6 {(00:06)} 8. O-O
{(01:20)} Be7 {(02:46)} 9. Bf4 {(05:46)} Nbd7 {(00:
31)} 10. Ne5 {(10:26)} Nxe5 {(12:03)} 11. Bxe5 {(02:51)}
g5 {(03:29)} 12. Bxf6 {(20:18)} Bxf6 {(00:16)} 13. Rd1 {
(06:26)} Bg7 {(04:12)} 14. e3 {(13:30)} Qe7 {(06:
15)} 15. Nc3 {(03:34)} dxc4 {(08:25)} 16. Na4 {(01:34)} e5
{(01:41)} 17. Nb6 {(01:17)} Ra6 {(03:47)} 18. Nxc8 {
(01:35)} Rxc8 {(00:10)} 19. dxe5 {(04:09)} Qxe5 {(
03:26)} 20. Qxc4 {(01:23)} Rb6 {(03:32)} 21. b3 {(04:22)}
Rb4 {(04:30)} 22. Qc2 {(01:14)} Bf6 {(05:21)} 23. Rab1 {
(00:23)} Rb5 {(02:24)} 24. Rd7 {(01:11)} Rc5 {(05:
07)} 25. Qe2 {(03:06)} Qf5 {(02:19)} 26. Rbd1 {(00:54)}
Rc2 {(09:06)} 27. Bh3 {(00:13)} Qxd7 {(00:48)} 28. Bxd7 {
(00:31)} Rxe2 {(00:04)} 29. Bxc8 {(00:05)} b5 {(03:
45)} 30. Rd6 {(00:30)} Be7 {(00:38)} 31. Rxc6 {(00:10)}
Rxa2 {(00:17)} 32. Rb6 {(04:44)} a4 {(02:36)} 33. bxa4 {
(00:50)} bxa4 {(00:08)} 34. Bb7 {(00:12)} a3 {(01:
49)} 35. Bd5 {(00:09)} Rd2 {(00:14)} 36. Bb3 {(00:52)} Rb2
{(00:17)} 37. Kg2 {(00:49)} Kg7 {(02:47)} 0-1

[Event "42nd Olympiad Baku 2016 Open"]
[Site "Baku"]
[Date "2016.09.03"]
[Round "2.19"]
[White "Ly, Moulthun"]
[Black "Kozul, Zdenko"]
[Result "0-1"]
[ECO "B80"]
[WhiteElo "2513"]
[BlackElo "2622"]
[Annotator ""]
[PlyCount "78"]
[EventDate "2016.??.??"]
[EventCountry "AZE"]
[SourceTitle "playchess.com"]
[Source "ChessBase"]
[WhiteTeam "Australia"]
[BlackTeam "Croatia"]
[WhiteTeamCountry "AUS"]
[BlackTeamCountry "CRO"]
[TimeControl "40/5400+30:1800+30"]

1. e4 {(00:00)} c5 {(00:00)} 2. Nf3 {(00:00)} e6 {(
01:19)} 3. d4 {(00:20)} cxd4 {(00:07)} 4. Nxd4 {(00:06)}
Nf6 {(01:28)} 5. Nc3 {(00:08)} d6 {(00:40)} 6. Be3 {
(03:08)} a6 {(01:17)} 7. f3 {(00:52)} Nbd7 {(03:31]
} 8. Qd2 {(00:15)} b5 {(01:02)} 9. O-O-O {(10:23)} Nb6 {
(01:58)} 10. Bd3 {(02:22)} Bb7 {(05:28)} 11. g4 {(
01:55)} Nfd7 {(01:15)} 12. Kb1 {(00:46)} Rc8 {(05:13)} 13.
h4 {(02:59)} Ne5 {(06:35)} 14. Qe1 {(00:46)} Be7 {(
08:37)} 15. g5 {(01:53)} O-O {(04:27)} 16. Bc1 {(11:53)}
Qc7 {(04:48)} 17. f4 {(12:40)} Nxd3 {(01:13)} 18. cxd3 {
(00:12)} b4 {(06:45)} 19. Nce2 {(00:20)} a5 {(00:
03)} 20. f5 {(07:36)} e5 {(03:33)} 21. f6 {(00:36)} exd4 {
(00:35)} 22. fxe7 {(00:15)} Qxe7 {(02:05)} 23. Nxd4 {
(02:00)} Na4 {(04:54)} 24. Qf2 {(02:21)} g6 {(07:
54)} 25. Bf4 {(01:41)} Nc5 {(07:12)} 26. Rhe1 {(03:30)}
Ba6 {(01:31)} 27. Qg3 {(03:08)} Rfd8 {(00:04)} 28. e5 {
(07:15)} d5 {(09:36)} 29. e6 {(05:30)} fxe6 {(00:
03)} 30. Be5 {(00:49)} Qe8 {(00:08)} 31. Qe3 {(07:46)} a4
{(02:16)} 32. Nf3 {(01:20)} Qf7 {(04:18)} 33. Bf6 {
(05:43)} d4 {(00:27)} 34. Qe2 {(00:42)} Rd5 {(00:
28)} 35. Ne5 {(01:47)} Rxe5 {(00:49)} 36. Bxe5 {(03:52)}
Qf5 {(01:07)} 37. Ka1 {(00:08)} Bxd3 {(03:07)} 38. Qg2 {
(01:29)} Be4 {(00:18)} 39. Qh2 {(00:28)} Nb3+ {(00:
32)} 0-1

[Event "42nd Olympiad Baku 2016 Open"]
[Site "Baku"]
[Date "2016.09.03"]
[Round "2.31"]
[White "Macias Murillo, Bryan"]
[Black "Cruz, Cristhian"]
[Result "1/2-1/2"]
[ECO "B44"]
[WhiteElo "2276"]
[BlackElo "2519"]
[Annotator ""]
[PlyCount "67"]
[EventDate "2016.??.??"]
[EventCountry "AZE"]
[SourceTitle "playchess.com"]
[Source "ChessBase"]
[WhiteTeam "Ecuador"]
[BlackTeam "Peru"]
[WhiteTeamCountry "ECU"]
[BlackTeamCountry "PER"]
[TimeControl "40/5400+30:1800+30"]

1. e4 {(00:00)} c5 {(00:00)} 2. Nf3 {(00:00)} e6 {(
00:00)} 3. d4 {(01:47)} cxd4 {(00:00)} 4. Nxd4 {(00:04)}
Nc6 {(00:04)} 5. Nb5 {(02:52)} d6 {(00:17)} 6. c4 {
(00:05)} Nf6 {(01:08)} 7. N1c3 {(00:05)} a6 {(00:
14)} 8. Na3 {(01:06)} b6 {(01:06)} 9. Be2 {(01:14)} Bb7 {
(00:17)} 10. f4 {(06:39)} d5 {(26:50)} 11. cxd5 {(
13:57)} exd5 {(00:08)} 12. e5 {(01:45)} d4 {(04:41)} 13.
exf6 {(08:35)} dxc3 {(00:18)} 14. Qxd8+ {(09:52)} Rxd8 {
(00:47)} 15. bxc3 {(03:10)} gxf6 {(00:40)} 16. Nc2 {
(09:10)} Ne7 {(06:44)} 17. Ne3 {(06:15)} Rg8 {(11:
00)} 18. Kf2 {(17:25)} Nd5 {(29:00)} 19. Bf3 {(05:24)} Bc5
{(00:06)} 20. Re1 {(05:09)} Kd7 {(02:54)} 21. c4 {(
01:49)} Nxe3 {(05:03)} 22. Bxe3 {(00:20)} Bxf3 {(00:10)}
23. Kxf3 {(01:14)} Kc6 {(00:43)} 24. Bxc5 {(02:12)} Kxc5 {
(00:14)} 25. Rad1 {(00:16)} Kxc4 {(02:26)} 26. Re4+ {
(02:00)} Kb5 {(00:55)} 27. Rb1+ {(00:05)} Ka5 {(02:
10)} 28. Rb3 {(00:53)} Rd2 {(01:37)} 29. Ra3+ {(00:30)}
Kb5 {(00:06)} 30. g3 {(00:25)} Rxh2 {(01:36)} 31. Rb3+ {
(00:13)} Ka5 {(01:00)} 32. Ra3+ {(00:04)} Kb5 {(00:
11)} 33. Rb3+ {(00:03)} Ka5 {(00:23)} 34. Ra3+ {(00:05)}
1/2-1/2

[Event "42nd Olympiad Baku 2016 Open"]
[Site "Baku"]
[Date "2016.09.03"]
[Round "2.22"]
[White "Maghsoodloo, Parham"]
[Black "Mchedlishvili, Mikheil"]
[Result "1-0"]
[ECO "D78"]
[WhiteElo "2566"]
[BlackElo "2609"]
[Annotator ""]
[PlyCount "175"]
[EventDate "2016.??.??"]
[EventCountry "AZE"]
[SourceTitle "playchess.com"]
[Source "ChessBase"]
[WhiteTeam "Iran"]
[BlackTeam "Georgia"]
[WhiteTeamCountry "IRI"]
[BlackTeamCountry "GEO"]
[TimeControl "40/5400+30:1800+30"]

1. Nf3 {(00:00)} d5 {(00:09)} 2. g3 {(01:52)} g6 {(
03:20)} 3. Bg2 {(04:48)} Bg7 {(00:21)} 4. d4 {(01:31)} Nf6
{(00:54)} 5. O-O {(01:49)} O-O {(01:16)} 6. c4 {(
00:07)} c6 {(01:04)} 7. Qb3 {(00:12)} Qb6 {(03:12)} 8. Rd1
{(02:05)} Bf5 {(02:55)} 9. cxd5 {(04:33)} Qxb3 {(
11:44)} 10. axb3 {(00:49)} cxd5 {(01:10)} 11. Ne1 {(03:12]
} Be4 {(12:40)} 12. f3 {(04:49)} Bxb1 {(00:29)} 13. Rxb1 {
(00:06)} Nc6 {(00:27)} 14. e3 {(00:25)} Na5 {(04:
27)} 15. Rd3 {(01:05)} Nc6 {(06:01)} 16. Rd1 {(04:37)} Na5
{(00:25)} 17. Rd3 {(02:07)} Nc6 {(00:17)} 18. Bd2 {
(01:01)} e5 {(01:31)} 19. dxe5 {(00:06)} Nxe5 {(00:
02)} 20. Rd4 {(01:25)} Nc6 {(01:05)} 21. Rd3 {(04:37)} Ne5
{(02:21)} 22. Rd4 {(03:06)} Nc6 {(06:45)} 23. Ra4 {
(01:03)} Rfe8 {(02:20)} 24. Rd1 {(04:18)} Nd7 {(06:
11)} 25. Nd3 {(00:24)} Rad8 {(01:38)} 26. Kf2 {(03:42)} f5
{(02:08)} 27. Raa1 {(16:10)} d4 {(01:21)} 28. Bf1 {
(03:20)} Nb6 {(03:40)} 29. Nc5 {(02:24)} Nd5 {(05:
25)} 30. e4 {(02:55)} Ne3 {(02:21)} 31. exf5 {(00:48)}
Nxd1+ {(03:57)} 32. Rxd1 {(00:04)} d3 {(04:32)} 33. Ne6 {
(02:21)} Rd7 {(02:12)} 34. Nxg7 {(01:51)} Kxg7 {(
00:23)} 35. Bc3+ {(00:20)} Kf8 {(00:44)} 36. fxg6 {(00:26]
} hxg6 {(00:01)} 37. Rxd3 {(00:31)} Red8 {(00:34)} 38. Re3
{(03:23)} Ne7 {(01:45)} 39. Bb5 {(07:23)} Rc7 {(00:
24)} 40. g4 {(00:00)} Rd1 {(00:00)} 41. Rd3 {(09:06)} Rxd3
{(06:33)} 42. Bxd3 {(00:06)} Rd7 {(00:23)} 43. Ke2 {
(07:21)} Nd5 {(00:43)} 44. Bd2 {(00:08)} Kf7 {(02:
50)} 45. f4 {(03:50)} a6 {(01:37)} 46. f5 {(01:48)} Ne7 {
(01:11)} 47. Bc4+ {(04:34)} Nd5 {(00:27)} 48. fxg6+ {
(00:18)} Kxg6 {(00:07)} 49. h4 {(00:12)} Kf6 {(02:
30)} 50. h5 {(03:50)} b5 {(08:25)} 51. Bd3 {(00:16)} Ke5 {
(00:42)} 52. Bf5 {(01:28)} Rd8 {(01:43)} 53. Kf3 {(
01:10)} b4 {(01:11)} 54. Bh6 {(01:39)} Kf6 {(00:36)} 55.
Bd3 {(07:06)} Nf4 {(02:14)} 56. Bxa6 {(03:49)} Ne6 {
(00:42)} 57. Be3 {(00:17)} Ng5+ {(02:25)} 58. Kf4 {
(01:14)} Rd1 {(01:16)} 59. Bc4 {(01:03)} Nh3+ {(00:
31)} 60. Kf3 {(00:57)} Ng5+ {(00:37)} 61. Ke2 {(00:24)}
Rd8 {(00:42)} 62. Bd3 {(00:58)} Re8 {(01:48)} 63. Bg6 {
(00:03)} Rd8 {(00:51)} 64. Bf2 {(01:08)} Kg7 {(02:
41)} 65. Bg3 {(01:47)} Rd5 {(01:47)} 66. Ke3 {(00:11)} Kf6
{(00:38)} 67. Bh4 {(00:50)} Rd1 {(00:23)} 68. Be4 {
(00:59)} Rg1 {(01:19)} 69. Bf3 {(00:55)} Rf1 {(00:
28)} 70. Bg2 {(00:40)} Rd1 {(00:29)} 71. Be4 {(00:59)} Rg1
{(00:07)} 72. Bf5 {(00:29)} Rf1 {(01:28)} 73. Kd3 {
(00:36)} Rc1 {(04:03)} 74. Kd4 {(00:27)} Rh1 {(00:
43)} 75. Bg3 {(00:31)} Nf3+ {(00:32)} 76. Kc5 {(00:27)}
Rh3 {(00:26)} 77. Bf4 {(00:21)} Nh4 {(00:25)} 78. Bc2 {
(00:42)} Ng2 {(00:18)} 79. Bd2 {(00:19)} Rh2 {(00:
42)} 80. Bg6 {(00:44)} Nh4 {(00:11)} 81. Bf4 {(00:23)}
Rxb2 {(00:47)} 82. g5+ {(00:14)} Ke7 {(00:01)} 83. Be4 {
(00:39)} Rxb3 {(00:57)} 84. Bd6+ {(00:12)} Kd7 {(
00:29)} 85. h6 {(00:59)} Rc3+ {(00:39)} 86. Kd5 {(00:13)}
Rc6 {(00:40)} 87. Be5 {(00:44)} Rc8 {(00:30)} 88. h7 {
(00:09)} 1-0

[Event "42nd Olympiad Baku 2016 Open"]
[Site "Baku"]
[Date "2016.09.03"]
[Round "2.5"]
[White "Manan, Yoboue Hermann"]
[Black "Grandelius, Nils"]
[Result "0-1"]
[ECO "B50"]
[WhiteElo "2115"]
[BlackElo "2641"]
[Annotator ""]
[PlyCount "126"]
[EventDate "2016.??.??"]
[EventCountry "AZE"]
[SourceTitle "playchess.com"]
[Source "ChessBase"]
[WhiteTeam "CIV"]
[BlackTeam "Sweden"]
[BlackTeamCountry "SWE"]
[TimeControl "40/5400+30:1800+30"]

1. e4 {(00:00)} c5 {(00:00)} 2. Nf3 {(00:02)} d6 {(
00:54)} 3. c3 {(00:50)} Nf6 {(00:17)} 4. Be2 {(00:18)} Bd7
{(02:38)} 5. d3 {(01:04)} g6 {(00:08)} 6. O-O {(01:
20)} Bg7 {(00:13)} 7. Bg5 {(02:05)} Nc6 {(01:32)} 8. Nbd2
{(01:43)} h6 {(01:30)} 9. Bxf6 {(01:27)} Bxf6 {(00:
18)} 10. Qc2 {(05:27)} O-O {(01:36)} 11. h3 {(04:34)} Bg7
{(03:43)} 12. Nh2 {(05:04)} e6 {(03:27)} 13. f4 {(
08:01)} f5 {(00:54)} 14. Rad1 {(09:04)} b5 {(01:24)} 15.
exf5 {(01:27)} gxf5 {(00:11)} 16. Ndf3 {(05:54)} b4 {
(10:59)} 17. Kh1 {(03:29)} bxc3 {(02:24)} 18. bxc3 {
(00:19)} Rc8 {(00:08)} 19. Qd2 {(04:32)} Qa5 {(01:
15)} 20. Rc1 {(00:31)} Ne7 {(02:59)} 21. c4 {(01:37)} Qxd2
{(07:03)} 22. Nxd2 {(00:12)} Rb8 {(00:09)} 23. Rb1 {
(00:21)} Ba4 {(06:11)} 24. Bd1 {(12:55)} Rxb1 {(03:
11)} 25. Nxb1 {(00:13)} Bxd1 {(02:07)} 26. Rxd1 {(00:05)}
Rb8 {(00:06)} 27. Na3 {(01:08)} Nc6 {(08:44)} 28. Nb5 {
(03:05)} a6 {(00:31)} 29. Nc7 {(01:46)} Kf7 {(01:
01)} 30. Re1 {(07:06)} Rb7 {(06:12)} 31. Nxe6 {(11:10)}
Re7 {(01:00)} 32. Nf3 {(00:12)} Rxe6 {(00:10)} 33. Rb1 {
(00:08)} Nd4 {(01:00)} 34. Nxd4 {(02:22)} Bxd4 {(
00:12)} 35. Rb7+ {(01:39)} Re7 {(02:31)} 36. Rb6 {(00:16)}
Re1+ {(00:21)} 37. Kh2 {(00:07)} Ke6 {(00:09)} 38. Rxa6 {
(01:04)} Bg1+ {(01:18)} 39. Kg3 {(00:05)} Re3+ {(
00:05)} 40. Kh4 {(00:00)} Rxd3 {(00:00)} 41. Kh5 {(04:50)}
Bh2 {(02:04)} 42. a4 {(04:03)} Bxf4 {(01:17)} 43. Ra8 {
(00:40)} Rg3 {(00:37)} 44. h4 {(00:14)} Kd7 {(02:
39)} 45. a5 {(00:51)} Kc6 {(00:59)} 46. a6 {(01:13)} Kb6 {
(01:58)} 47. Rb8+ {(00:31)} Kxa6 {(01:46)} 48. Ra8+ {
(00:10)} Kb7 {(02:09)} 49. Ra7+ {(03:09)} Kc6 {(01:
25)} 50. Ra6+ {(01:59)} Kd7 {(00:46)} 51. Ra7+ {(00:12)}
Ke6 {(00:20)} 52. Re7+ {(00:10)} Kf6 {(00:04)} 53. Re6+ {
(02:11)} Kg7 {(00:24)} 54. Re7+ {(00:19)} Kh8 {(00:
06)} 55. Rh7+ {(00:18)} Kg8 {(00:03)} 56. Rh8+ {(01:20)}
Kg7 {(00:06)} 57. Rg8+ {(02:54)} Kf6 {(00:17)} 58. Rf8+ {
(00:10)} Ke5 {(00:05)} 59. Re8+ {(00:59)} Kd4 {(00:
41)} 60. Re4+ {(00:24)} Kd3 {(01:26)} 61. Rxf4 {(00:32)}
Rxg2 {(00:34)} 62. Kxh6 {(00:12)} Rg4 {(00:49)} 63. Rxf5 {
(02:03)} Rxh4+ {(00:52)} 0-1

[Event "42nd Olympiad Baku 2016 Open"]
[Site "Baku"]
[Date "2016.09.03"]
[Round "2.1"]
[White "Marciano, David"]
[Black "Iturrizaga Bonelli, Eduardo"]
[Result "0-1"]
[ECO "B30"]
[WhiteElo "2475"]
[BlackElo "2650"]
[Annotator ""]
[PlyCount "80"]
[EventDate "2016.??.??"]
[EventCountry "AZE"]
[SourceTitle "playchess.com"]
[Source "ChessBase"]
[WhiteTeam "Monaco"]
[BlackTeam "Venezuela"]
[WhiteTeamCountry "MNC"]
[BlackTeamCountry "VEN"]
[TimeControl "40/5400+30:1800+30"]

1. e4 {(00:00)} c5 {(00:00)} 2. Nf3 {(00:00)} Nc6 {
(00:04)} 3. c3 {(00:00)} Nf6 {(00:52)} 4. e5 {(00:
00)} Nd5 {(00:04)} 5. d4 {(00:12)} cxd4 {(00:10)} 6. cxd4
{(00:29)} d6 {(00:49)} 7. Bc4 {(00:05)} e6 {(16:25]
} 8. O-O {(00:05)} Be7 {(00:05)} 9. exd6 {(00:07)} Qxd6 {
(00:23)} 10. Nc3 {(00:15)} O-O {(00:29)} 11. Re1 {(
00:14)} Rd8 {(00:52)} 12. Ne4 {(09:42)} Qb4 {(00:49)} 13.
Bb3 {(08:49)} Bd7 {(10:16)} 14. Qd3 {(10:30)} Be8 {
(07:30)} 15. a3 {(06:59)} Qb6 {(00:44)} 16. Bc2 {(
00:09)} g6 {(04:00)} 17. Bd2 {(11:44)} Rac8 {(12:23)} 18.
Rec1 {(00:36)} Nf6 {(20:07)} 19. Bc3 {(09:51)} e5 {
(00:47)} 20. Nxf6+ {(08:32)} Bxf6 {(00:06)} 21. d5 {
(00:04)} Ne7 {(03:54)} 22. Qe4 {(10:54)} Rxd5 {(01:
23)} 23. Ba4 {(00:07)} Bxa4 {(00:45)} 24. Qxa4 {(00:03)}
Nc6 {(05:09)} 25. Rd1 {(02:11)} Rcd8 {(03:12)} 26. Rxd5 {
(00:17)} Rxd5 {(00:06)} 27. Rd1 {(00:05)} Qd8 {(00:
33)} 28. Rd2 {(00:27)} Rxd2 {(01:44)} 29. Nxd2 {(00:08)}
Bg5 {(03:20)} 30. Nf3 {(01:35)} Qd3 {(01:39)} 31. Qg4 {
(03:04)} Qd1+ {(00:10)} 32. Be1 {(00:05)} Bf6 {(03:
08)} 33. Qc8+ {(00:16)} Nd8 {(01:48)} 34. Qc3 {(00:56)}
Nc6 {(00:37)} 35. Kf1 {(00:55)} Kg7 {(00:35)} 36. Nd2 {
(01:05)} Nd4 {(00:38)} 37. Qc4 {(00:02)} Bg5 {(00:
55)} 38. Ne4 {(00:17)} b5 {(00:09)} 39. Qc3 {(00:41)} Qe2+
{(00:05)} 40. Kg1 {(00:00)} Qxe4 {(00:00)} 0-1